[Event "FICS rated blitz game"]
[Site "FICS freechess.org"]
[FICSGamesDBGameNo "20000847"]
[White "finnian"]
[Black "tennis"]
[WhiteElo "1559"]
[BlackElo "1395"]
[WhiteRD "na"]
[BlackRD "na"]
[TimeControl "180+0"]
[Date "1999.06.11"]
[Time "01:16:00"]
[WhiteClock "0:03:00.000"]
[BlackClock "0:03:00.000"]
[ECO "B95"]
[PlyCount "39"]
[Result "1-0"]

1. e4 c5 2. Nf3 d6 3. d4 cxd4 4. Nxd4 Nf6 5. Nc3 a6 6. Bg5 e6 7. Qd2 Be7 8. Rd1 Kf8 9. Be2 g6 10. O-O Kg7 11. Nb3 Re8 12. Bxf6+ Bxf6 13. Qxd6 Qxd6 14. Rxd6 Nc6 15. Rfd1 a5 16. a4 Ra6 17. Bxa6 bxa6 18. Rxc6 Bxc3 19. Rxc3 Bb7 20. f3 {Black resigns} 1-0

[Event "FICS rated blitz game"]
[Site "FICS freechess.org"]
[FICSGamesDBGameNo "20000846"]
[White "anu"]
[Black "KingT"]
[WhiteElo "2142"]
[BlackElo "2024"]
[WhiteRD "na"]
[BlackRD "na"]
[TimeControl "180+0"]
[Date "1999.06.11"]
[Time "00:52:00"]
[WhiteClock "0:03:00.000"]
[BlackClock "0:03:00.000"]
[ECO "D07"]
[PlyCount "85"]
[Result "1-0"]

1. d4 d5 2. c4 Nc6 3. Nc3 dxc4 4. Nf3 Bg4 5. e3 e5 6. dxe5 Qxd1+ 7. Nxd1 Bxf3 8. gxf3 Nxe5 9. f4 Nd3+ 10. Bxd3 cxd3 11. Kd2 O-O-O 12. b3 Bb4+ 13. Nc3 Nf6 14. f3 Rhe8 15. Bb2 Nd5 16. Rhe1 Re6 17. a3 Bxc3+ 18. Bxc3 Rde8 19. Bd4 f6 20. b4 b6 21. f5 R6e7 22. Kxd3 Kb7 23. e4 Nf4+ 24. Kc3 c5 25. bxc5 bxc5 26. Be3 Nd5+ 27. Kc4 Nxe3+ 28. Rxe3 Re5 29. Rd3 g6 30. fxg6 hxg6 31. Rd7+ Ka6 32. Rad1 Rb8 33. R1d6+ Rb6 34. Rxb6+ axb6 35. Rd6 f5 36. Rd5 Rxd5 37. Kxd5 Kb7 38. exf5 gxf5 39. h4 Kc7 40. h5 Kd7 41. h6 Ke7 42. h7 Kf6 43. h8=Q+ {Black resigns} 1-0

[Event "FICS rated blitz game"]
[Site "FICS freechess.org"]
[FICSGamesDBGameNo "20000844"]
[White "Kpaty"]
[Black "nunes"]
[WhiteElo "1611"]
[BlackElo "1539"]
[WhiteRD "na"]
[BlackRD "na"]
[TimeControl "240+0"]
[Date "1999.06.10"]
[Time "22:42:00"]
[WhiteClock "0:04:00.000"]
[BlackClock "0:04:00.000"]
[ECO "B43"]
[PlyCount "45"]
[Result "1-0"]

1. e4 c5 2. Nf3 e6 3. d4 cxd4 4. Nxd4 a6 5. Nc3 b5 6. Bd3 Nf6 7. O-O Bb7 8. Bg5 Be7 9. f3 Nc6 10. Nce2 Qb6 11. Be3 Bc5 12. c3 e5 13. b4 Bxd4 14. cxd4 exd4 15. Bd2 O-O 16. Qe1 Ne5 17. Nc1 Nc4 18. Bg5 Rfe8 19. Qh4 Ne3 20. Re1 d5 21. exd5 Nfxd5 22. Qxh7+ Kf8 23. Qh8# {Black checkmated} 1-0

[Event "FICS rated blitz game"]
[Site "FICS freechess.org"]
[FICSGamesDBGameNo "20000843"]
[White "sexygrl"]
[Black "mohap"]
[WhiteElo "1170"]
[BlackElo "1252"]
[WhiteRD "na"]
[BlackRD "na"]
[TimeControl "300+8"]
[Date "1999.06.10"]
[Time "21:24:00"]
[WhiteClock "0:05:00.000"]
[BlackClock "0:05:00.000"]
[ECO "C23"]
[PlyCount "130"]
[Result "0-1"]

1. e4 e5 2. Bc4 h6 3. Nf3 d6 4. O-O Nf6 5. Nc3 Be7 6. Nd5 Nxd5 7. Bxd5 Nd7 8. d3 O-O 9. Be3 Nf6 10. d4 exd4 11. Bxd4 Bg4 12. Qd3 Bxf3 13. Qxf3 Nxd5 14. exd5 c5 15. dxc6 bxc6 16. c4 d5 17. a3 dxc4 18. Rad1 Qd5 19. Qg4 Qg5 20. Qd7 Rfd8 21. Qxc6 Rac8 22. Qb7 Bc5 23. Bxc5 Qxc5 24. Rxd8+ Rxd8 25. h3 Rd2 26. Qb4 Qd4 27. Qb8+ Kh7 28. Qf8 f6 29. Qb4 Rxb2 30. Qe1 Qd3 31. Qa1 Qb3 32. Rc1 Ra2 33. Qb1+ Qxb1 34. Rxb1 Rxa3 35. Rc1 c3 36. Rc2 Kg6 37. Kf1 Kf5 38. Ke2 Ke4 39. f3+ Kd4 40. g4 Rb3 41. f4 Rb2 42. Kd1 Rxc2 43. Kxc2 a5 44. h4 a4 45. g5 hxg5 46. fxg5 fxg5 47. hxg5 a3 48. g6 a2 49. Kb3 Kd3 50. Kxa2 Kd2 51. Kb3 c2 52. Ka2 c1=Q 53. Kb3 Qc3+ 54. Ka4 Qc6+ 55. Kb4 Qxg6 56. Kb5 Qf6 57. Kc5 g5 58. Kc4 g4 59. Kb3 g3 60. Kb4 g2 61. Kc5 g1=Q+ 62. Kd5 Qgg5+ 63. Kc4 Qff4+ 64. Kb3 Qb5+ 65. Ka2 Qfa4# {White checkmated} 0-1

[Event "FICS rated blitz game"]
[Site "FICS freechess.org"]
[FICSGamesDBGameNo "20000842"]
[White "omi"]
[Black "Noreaga"]
[WhiteElo "1498"]
[BlackElo "1614"]
[WhiteRD "na"]
[BlackRD "na"]
[TimeControl "300+0"]
[Date "1999.06.10"]
[Time "21:23:00"]
[WhiteClock "0:05:00.000"]
[BlackClock "0:05:00.000"]
[ECO "D04"]
[PlyCount "60"]
[Result "0-1"]

1. Nf3 d5 2. d4 Nf6 3. e3 g6 4. Be2 Bg7 5. O-O O-O 6. Bd2 b6 7. c4 e6 8. Bc3 Bb7 9. Nbd2 Nbd7 10. Rc1 Rc8 11. h4 c5 12. Ne5 Qc7 13. h5 Nxe5 14. dxe5 Ne4 15. hxg6 fxg6 16. Nf3 Nxc3 17. Rxc3 Bxe5 18. Nxe5 Qxe5 19. Bg4 Rcd8 20. f4 Qf6 21. cxd5 Rxd5 22. Qe2 Rfd8 23. Bf3 Rd2 24. Qc4 Bxf3 25. Rxf3 Rxb2 26. e4 Rd1+ 27. Rf1 Rxf1+ 28. Kxf1 Qxf4+ 29. Rf3 Qg4 30. g3 Qxf3+ {White resigns} 0-1

[Event "FICS rated blitz game"]
[Site "FICS freechess.org"]
[FICSGamesDBGameNo "20000841"]
[White "StarryKn"]
[Black "HelloYou"]
[WhiteElo "1327"]
[BlackElo "909"]
[WhiteRD "na"]
[BlackRD "na"]
[TimeControl "360+12"]
[Date "1999.06.10"]
[Time "19:46:00"]
[WhiteClock "0:06:00.000"]
[BlackClock "0:06:00.000"]
[ECO "A04"]
[PlyCount "79"]
[Result "1-0"]

1. Nf3 e6 2. g3 b6 3. Bg2 Bb7 4. O-O g5 5. d3 g4 6. Ne5 Bxg2 7. Kxg2 Qf6 8. Nxg4 Qf5 9. e4 Qb5 10. Nc3 Qc6 11. Bf4 Bd6 12. Qf3 Ne7 13. Bxd6 Qxd6 14. Nf6+ Kd8 15. Rfe1 Nbc6 16. e5 Qb4 17. Rab1 Ng8 18. Nxg8 Rxg8 19. Qh5 Qc5 20. Qxf7 Re8 21. Qf6+ Re7 22. Rbd1 d6 23. exd6 Qxd6 24. Qf8+ Re8 25. Qxd6+ cxd6 26. Ne4 d5 27. Ng5 h6 28. Nxe6+ Kd7 29. Nf4 Rxe1 30. Rxe1 Nd4 31. Nxd5 Nxc2 32. Rc1 Nd4 33. Nf6+ Ke7 34. Ne4 Ne2 35. Re1 Nd4 36. Nd2+ Kd7 37. Nf3 Ne6 38. Ne5+ Kc7 39. Nf7 h5 40. Rxe6 {Black resigns} 1-0

[Event "FICS rated lightning game"]
[Site "FICS freechess.org"]
[FICSGamesDBGameNo "20000840"]
[White "Gilun"]
[Black "kubu"]
[WhiteElo "1867"]
[BlackElo "2067"]
[WhiteRD "na"]
[BlackRD "na"]
[TimeControl "60+0"]
[Date "1999.06.10"]
[Time "15:47:00"]
[WhiteClock "0:01:00.000"]
[BlackClock "0:01:00.000"]
[ECO "A00"]
[PlyCount "74"]
[Result "0-1"]

1. d3 e5 2. Be3 d5 3. c4 d4 4. Bd2 c5 5. e4 Nc6 6. f4 Nf6 7. Nf3 Bd6 8. f5 Bd7 9. Be2 Qc7 10. Bg5 Ng8 11. Nbd2 f6 12. Bh4 Nge7 13. Bf2 O-O-O 14. a3 g5 15. Qc2 h5 16. h3 Kb8 17. Rb1 Ka8 18. b4 b6 19. b5 Na5 20. Nb3 Nxb3 21. Qxb3 Rdg8 22. Kd2 g4 23. Ne1 g3 24. Bg1 h4 25. Nc2 Nc8 26. a4 Bf8 27. Ra1 Bh6+ 28. Kd1 Be8 29. a5 Qg7 30. axb6 Qg5 31. Ke1 Qd2+ 32. Kf1 Rh7 33. bxa7 Rxa7 34. Rxa7+ Kxa7 35. b6+ Nxb6 36. Qa3+ Kb7 37. Ne1 Be3 {White forfeits on time} 0-1

[Event "FICS rated blitz game"]
[Site "FICS freechess.org"]
[FICSGamesDBGameNo "20000839"]
[White "grabIt"]
[Black "Seku"]
[WhiteElo "1318"]
[BlackElo "1611"]
[WhiteRD "na"]
[BlackRD "na"]
[TimeControl "180+2"]
[Date "1999.06.10"]
[Time "09:46:00"]
[WhiteClock "0:03:00.000"]
[BlackClock "0:03:00.000"]
[ECO "A22"]
[PlyCount "92"]
[Result "0-1"]

1. c4 e5 2. Nc3 Nf6 3. g3 Be7 4. Bg2 O-O 5. e3 c6 6. e4 d6 7. Nge2 Be6 8. d3 Nbd7 9. O-O Re8 10. f4 exf4 11. Nxf4 Bg4 12. Qb3 Nc5 13. Qc2 Nh5 14. Nxh5 Bxh5 15. b4 Ne6 16. Be3 Bf6 17. Ne2 Bxa1 18. Rxa1 Bxe2 19. Qxe2 Nc7 20. Rf1 d5 21. Qf3 f6 22. exd5 cxd5 23. cxd5 Kh8 24. Bc5 b6 25. Bd4 Rc8 26. Qh5 Qd6 27. Be4 Rxe4 28. dxe4 Qxb4 29. Qf7 Qxd4+ 30. Kg2 Qxe4+ 31. Kh3 Qxd5 32. Qe7 Qe6+ 33. Qxe6 Nxe6 34. Re1 Nc5 35. Re7 a6 36. Re3 Rd8 37. Ra3 h6 38. Rc3 Rd2 39. a3 Ne4 40. Re3 Rd4 41. Rf3 b5 42. Rf4 Kh7 43. Rf3 Ng5+ 44. Kg2 Nxf3 45. Kxf3 Rd3+ 46. Ke4 Rxa3 {White resigns} 0-1

[Event "FICS rated blitz game"]
[Site "FICS freechess.org"]
[FICSGamesDBGameNo "20000838"]
[White "gambitkiller"]
[Black "LouisXVI"]
[WhiteElo "1805"]
[BlackElo "1625"]
[WhiteRD "na"]
[BlackRD "na"]
[TimeControl "180+0"]
[Date "1999.06.10"]
[Time "09:41:00"]
[WhiteClock "0:03:00.000"]
[BlackClock "0:03:00.000"]
[ECO "B09"]
[PlyCount "102"]
[Result "0-1"]

1. e4 d6 2. d4 Nf6 3. Nc3 g6 4. f4 Bg7 5. Nf3 O-O 6. Bd3 e5 7. dxe5 dxe5 8. Nxe5 Re8 9. O-O Qd4+ 10. Kh1 Rxe5 11. fxe5 Ng4 12. Qf3 Nxe5 13. Qf2 Qxf2 14. Rxf2 Be6 15. Bf4 Ng4 16. Re2 c6 17. h3 Nf6 18. Be5 Nbd7 19. Bd4 Rd8 20. Rd1 b6 21. Red2 Nf8 22. Ne2 Bh6 23. c3 Nh5 24. Rc2 Bxa2 25. g4 Ng7 26. Bf6 Rd7 27. g5 Bb3 28. Rcd2 Bxd1 29. Rxd1 Bxg5 30. Bxg5 Nge6 31. Bf6 Nc5 32. Bc2 Rxd1+ 33. Bxd1 Nxe4 34. Be5 Nf2+ 35. Kg2 Nxd1 36. Nd4 Nxb2 37. Nxc6 Nd3 38. Nxa7 Ne6 39. Nc8 Nxe5 40. Kf2 Nc5 41. Ke3 Nc6 42. Kd2 Ne5 43. Nxb6 Nf3+ 44. Ke3 Ng5 45. Kd4 Nce4 46. Ke5 Nf2 47. c4 Ngxh3 48. c5 Nd3+ 49. Kd6 Nxc5 50. Kxc5 h5 51. Kd5 Nf4+ {White forfeits on time} 0-1

[Event "FICS rated lightning game"]
[Site "FICS freechess.org"]
[FICSGamesDBGameNo "20000837"]
[White "ferhat"]
[Black "pitone"]
[WhiteElo "1957"]
[BlackElo "1737"]
[WhiteRD "na"]
[BlackRD "na"]
[TimeControl "120+0"]
[Date "1999.06.10"]
[Time "08:58:00"]
[WhiteClock "0:02:00.000"]
[BlackClock "0:02:00.000"]
[ECO "D97"]
[PlyCount "77"]
[Result "1-0"]

1. d4 Nf6 2. c4 g6 3. Nc3 d5 4. Nf3 Bg7 5. Qb3 dxc4 6. Qxc4 O-O 7. e4 Nc6 8. Be3 Ng4 9. Rd1 Nxe3 10. fxe3 Bg4 11. Be2 Qc8 12. O-O e6 13. e5 Ne7 14. Ng5 Bxe2 15. Qxe2 c5 16. Nge4 cxd4 17. exd4 Nd5 18. Nxd5 exd5 19. Nf6+ Kh8 20. Qf2 Qe6 21. Qh4 h6 22. Rc1 Rac8 23. h3 Rxc1 24. Rxc1 Rc8 25. Rxc8+ Qxc8 26. Nxd5 Qc1+ 27. Kh2 Qxb2 28. Qd8+ Kh7 29. Nf6+ Bxf6 30. exf6 Qb6 31. Qe7 Qe6 32. d5 Qxd5 33. h4 Qe6 34. Qd8 h5 35. Kg3 Qe5+ 36. Kf3 Qf5+ 37. Ke3 Qe6+ 38. Kf4 Kh6 39. Qh8# {Black checkmated} 1-0

[Event "FICS rated blitz game"]
[Site "FICS freechess.org"]
[FICSGamesDBGameNo "20000836"]
[White "roylev"]
[Black "Mishka"]
[WhiteElo "1418"]
[BlackElo "1567"]
[WhiteRD "na"]
[BlackRD "na"]
[TimeControl "180+0"]
[Date "1999.06.09"]
[Time "19:52:00"]
[WhiteClock "0:03:00.000"]
[BlackClock "0:03:00.000"]
[ECO "C11"]
[PlyCount "92"]
[Result "0-1"]

1. e4 e6 2. d4 d5 3. Nc3 dxe4 4. Nxe4 Nf6 5. Bg5 Be7 6. Nxf6+ Bxf6 7. Bxf6 Qxf6 8. Nf3 O-O 9. Qe2 b6 10. O-O-O Bb7 11. Ne5 Rd8 12. f3 Nc6 13. Ng4 Qg5+ 14. Kb1 Rxd4 15. h4 Rxd1+ 16. Qxd1 Qd5 17. Qe2 a5 18. g3 Ba6 19. Qf2 Qd4 20. Rh2 Qxf2 21. Rxf2 Nd4 22. Rd2 Nxf3 23. Rf2 Bxf1 24. Rxf3 Be2 25. Rf4 Bxg4 26. Rxg4 e5 27. Re4 Re8 28. Kc1 f5 29. Rc4 Re7 30. Kd2 e4 31. Ke3 Kf7 32. c3 Kf6 33. Rd4 Ke5 34. a3 Re6 35. Rc4 c6 36. Rd4 c5 37. Rd8 g6 38. Rh8 h5 39. Rb8 Kf6 40. Rf8+ Ke7 41. Rg8 Kd6 42. Rd8+ Kc6 43. b3 Kb5 44. Rb8 Kc6 45. Rc8+ Kb7 46. Rg8 Kc7 {White forfeits on time} 0-1

[Event "FICS rated blitz game"]
[Site "FICS freechess.org"]
[FICSGamesDBGameNo "20000834"]
[White "Tinfoil"]
[Black "Tymbrimi"]
[WhiteElo "1794"]
[BlackElo "1382"]
[WhiteRD "na"]
[BlackRD "na"]
[TimeControl "180+0"]
[Date "1999.06.09"]
[Time "16:55:00"]
[WhiteClock "0:03:00.000"]
[BlackClock "0:03:00.000"]
[ECO "C78"]
[PlyCount "79"]
[Result "1-0"]

1. e4 e5 2. Nf3 Nc6 3. Bb5 a6 4. Ba4 Nf6 5. O-O Bc5 6. c3 b5 7. Bb3 O-O 8. d4 exd4 9. cxd4 Bb6 10. e5 Ng4 11. h3 d6 12. hxg4 dxe5 13. dxe5 Bxg4 14. Qxd8 Raxd8 15. Bf4 Bxf3 16. gxf3 Rfe8 17. Re1 Kh8 18. Bxf7 Rf8 19. e6 Nd4 20. e7 Nc2 21. exd8=Q Rxd8 22. Nc3 Nxa1 23. Nd5 Rf8 24. Re8 Rxe8 25. Bxe8 Kg8 26. Bxc7 Bxc7 27. Nxc7 Nc2 28. Nxb5 axb5 29. Bxb5 h5 30. Kf1 Nd4 31. Be2 Kf7 32. b4 h4 33. b5 h3 34. b6 Nxe2 35. b7 h2 36. Kg2 Nf4+ 37. Kxh2 Ne6 38. b8=Q Nd4 39. Qc7+ Ke6 40. Qb6+ {Black resigns} 1-0

[Event "FICS rated lightning game"]
[Site "FICS freechess.org"]
[FICSGamesDBGameNo "20000833"]
[White "jtchezz"]
[Black "Nyholm"]
[WhiteElo "1772"]
[BlackElo "1876"]
[WhiteRD "na"]
[BlackRD "na"]
[TimeControl "60+0"]
[Date "1999.06.09"]
[Time "16:20:00"]
[WhiteClock "0:01:00.000"]
[BlackClock "0:01:00.000"]
[ECO "A40"]
[PlyCount "79"]
[Result "1-0"]

1. d4 b5 2. g3 Bb7 3. Nf3 c5 4. Bg2 cxd4 5. Qd3 Nc6 6. O-O Qc7 7. c3 dxc3 8. Nxc3 Nf6 9. Nxb5 Qb6 10. Be3 Qd8 11. a4 a6 12. Nc3 e6 13. Nd4 Be7 14. Nxc6 Bxc6 15. Bxc6 dxc6 16. Qxd8+ Rxd8 17. Rfd1 O-O 18. b4 Nd5 19. Nxd5 cxd5 20. b5 axb5 21. axb5 Rb8 22. b6 Rfc8 23. Ra7 Bc5 24. Bxc5 Rxc5 25. Rb1 h6 26. b7 Rc7 27. Ra8 Rxa8 28. bxa8=Q+ Kh7 29. Rb7 Rc2 30. e3 d4 31. exd4 Rd2 32. Rxf7 Rxd4 33. Qa7 Rg4 34. Qe7 h5 35. Qxe6 Rg6 36. Qe7 Kh6 37. h4 Rg4 38. Qe6+ Rg6 39. Qe7 Kh7 40. Qe8 {Black forfeits on time} 1-0

[Event "FICS rated blitz game"]
[Site "FICS freechess.org"]
[FICSGamesDBGameNo "20000830"]
[White "Wolfram"]
[Black "TorErik"]
[WhiteElo "1160"]
[BlackElo "1158"]
[WhiteRD "na"]
[BlackRD "na"]
[TimeControl "120+12"]
[Date "1999.06.09"]
[Time "09:37:00"]
[WhiteClock "0:02:00.000"]
[BlackClock "0:02:00.000"]
[ECO "B02"]
[PlyCount "56"]
[Result "0-1"]

1. e4 Nf6 2. Nc3 e6 3. e5 Nd5 4. Nxd5 exd5 5. d4 c5 6. c3 Nc6 7. Bb5 a6 8. Ba4 b5 9. Bb3 c4 10. Bc2 d6 11. Qd2 dxe5 12. Qe2 Bd6 13. f4 Qe7 14. fxe5 Bc7 15. Nf3 O-O 16. O-O Bg4 17. h3 Bh5 18. g4 Bg6 19. Bxg6 fxg6 20. Ng5 h6 21. Nf3 b4 22. Qe1 bxc3 23. Qxc3 Bb6 24. Be3 Rf7 25. Qe1 Raf8 26. Nh4 Rxf1+ 27. Qxf1 Rxf1+ 28. Rxf1 Qxh4 {White resigns} 0-1

[Event "FICS rated lightning game"]
[Site "FICS freechess.org"]
[FICSGamesDBGameNo "20000829"]
[White "Dunderberg"]
[Black "CarrascoJr"]
[WhiteElo "1604"]
[BlackElo "1276"]
[WhiteRD "na"]
[BlackRD "na"]
[TimeControl "120+0"]
[Date "1999.06.09"]
[Time "09:27:00"]
[WhiteClock "0:02:00.000"]
[BlackClock "0:02:00.000"]
[ECO "B01"]
[PlyCount "82"]
[Result "0-1"]

1. e4 d5 2. exd5 Qxd5 3. Nc3 Qa5 4. Nf3 Bg4 5. Be2 e6 6. O-O c6 7. d4 Nf6 8. Ne5 Bxe2 9. Qxe2 Nbd7 10. Bd2 Qd8 11. Rae1 Bd6 12. f4 Nd5 13. f5 Nxc3 14. bxc3 O-O 15. f6 Nxe5 16. dxe5 Bc5+ 17. Kh1 Qd5 18. Qg4 g6 19. Qg5 Rfd8 20. Qh6 Bf8 21. Qg5 Qxd2 22. Qxd2 Rxd2 23. Rf3 Rad8 24. h4 h5 25. Rf4 Rd1 26. Rxd1 Rxd1+ 27. Kh2 Rd2 28. Kh3 Rxc2 29. g4 Rxc3+ 30. Kg2 hxg4 31. Rxg4 Rc2+ 32. Kf3 Rxa2 33. h5 Ra3+ 34. Ke2 Kh7 35. hxg6+ fxg6 36. Kf2 Ra2+ 37. Ke3 a5 38. Rh4+ Kg8 39. Rg4 Kf7 40. Rh4 Ra3+ 41. Kd2 Rd3+ {White forfeits on time} 0-1

[Event "FICS rated blitz game"]
[Site "FICS freechess.org"]
[FICSGamesDBGameNo "20000828"]
[White "Roekie"]
[Black "Huey"]
[WhiteElo "1601"]
[BlackElo "1693"]
[WhiteRD "na"]
[BlackRD "na"]
[TimeControl "180+0"]
[Date "1999.06.09"]
[Time "00:39:00"]
[WhiteClock "0:03:00.000"]
[BlackClock "0:03:00.000"]
[ECO "A50"]
[PlyCount "86"]
[Result "0-1"]

1. d4 Nf6 2. c4 Nc6 3. g3 e5 4. d5 Ne7 5. Nc3 Ng6 6. Bg2 Bc5 7. e4 a5 8. a3 O-O 9. Nge2 d6 10. O-O Ne8 11. h3 f5 12. Kh2 f4 13. Bf3 Nf6 14. Ng1 h6 15. Bh5 Ne7 16. Bd2 Nxh5 17. Qxh5 Bd7 18. Nce2 f3 19. Nc3 Kh7 20. Nxf3 g6 21. Ng5+ Kg7 22. Ne6+ Bxe6 23. Qe2 Bc8 24. Rac1 Qd7 25. Qe3 Qxh3+ 26. Kg1 g5 27. Qe2 Qxg3+ 28. Kh1 Qh3+ 29. Kg1 Rf3 30. Be3 Bxe3 31. fxe3 Rg3+ 32. Kf2 Rg2+ 33. Ke1 Rxe2+ 34. Kxe2 Bg4+ 35. Kd3 Rf8 36. Rh1 Qf3 37. Rcf1 Qxf1+ 38. Rxf1 Rxf1 39. Ne2 Rf2 40. Nc3 Rxb2 41. Na4 Rb3+ 42. Nc3 Rxa3 43. Kd2 Rxc3 {White resigns} 0-1

[Event "FICS rated blitz game"]
[Site "FICS freechess.org"]
[FICSGamesDBGameNo "20000827"]
[White "kizmed"]
[Black "fbj"]
[WhiteElo "1383"]
[BlackElo "1362"]
[WhiteRD "na"]
[BlackRD "na"]
[TimeControl "300+12"]
[Date "1999.06.08"]
[Time "22:31:00"]
[WhiteClock "0:05:00.000"]
[BlackClock "0:05:00.000"]
[ECO "B30"]
[PlyCount "99"]
[Result "1-0"]

1. e4 c5 2. Nf3 Nc6 3. d3 g6 4. g3 Bg7 5. Bg2 d6 6. O-O Nf6 7. Nbd2 O-O 8. Re1 Rb8 9. Nf1 Bg4 10. h4 Nd4 11. N1h2 Nxf3+ 12. Nxf3 Qb6 13. c3 Nd7 14. Be3 Ne5 15. b3 Nxf3+ 16. Bxf3 Bxf3 17. Qxf3 Bxc3 18. h5 Bxa1 19. Rxa1 Qb5 20. Bg5 e6 21. h6 f5 22. Qd1 Rf7 23. Qc2 b6 24. Rf1 Qb4 25. f4 Qd4+ 26. Kg2 e5 27. Kf3 fxe4+ 28. dxe4 exf4 29. gxf4 Re8 30. Rd1 Qe5 31. Qc4 Qe6 32. Qd3 Qh3+ 33. Ke2 Qg2+ 34. Ke3 Qg3+ 35. Kd2 Qxd3+ 36. Kxd3 Rd7 37. a4 Kf7 38. Ke3 d5 39. e5 d4+ 40. Ke4 Ke6 41. Rd3 a6 42. Rf3 b5 43. axb5 axb5 44. Rd3 Ra8 45. Rf3 Ra3 46. Rd3 c4 47. bxc4 bxc4 48. Rxa3 d3 49. Ra6+ Kf7 50. e6+ {Black resigns} 1-0

[Event "FICS rated blitz game"]
[Site "FICS freechess.org"]
[FICSGamesDBGameNo "20000825"]
[White "poup"]
[Black "anachron"]
[WhiteElo "1217"]
[BlackElo "1720"]
[WhiteRD "na"]
[BlackRD "na"]
[TimeControl "300+12"]
[Date "1999.06.08"]
[Time "20:14:00"]
[WhiteClock "0:05:00.000"]
[BlackClock "0:05:00.000"]
[ECO "C30"]
[PlyCount "99"]
[Result "1-0"]

1. e4 e5 2. f4 Nh6 3. fxe5 f5 4. exf5 Nxf5 5. d4 Bb4+ 6. c3 Be7 7. Bd3 a6 8. Bxf5 g6 9. Bh3 d6 10. Bxc8 Qxc8 11. exd6 cxd6 12. Nf3 Nc6 13. O-O h5 14. Re1 h4 15. Bg5 h3 16. g3 Rf8 17. Qe2 Kd7 18. Bxe7 Rf7 19. Bxd6 Kxd6 20. Ne5 Re7 21. Nc4+ Kc7 22. Qf2 b5 23. Rxe7+ Nxe7 24. Qf4+ Kc6 25. Ne5+ Kb6 26. Qf6+ Nc6 27. Nxc6 Qxc6 28. Qxc6+ Kxc6 29. Nd2 Re8 30. Rf1 Kd5 31. Rf6 Re2 32. Nf3 Rxb2 33. Rxa6 Rb1+ 34. Kf2 Rb2+ 35. Ke3 g5 36. Rg6 b4 37. Rxg5+ Kd6 38. cxb4 Ke6 39. b5 Rxa2 40. b6 Kf6 41. Rb5 Ra8 42. b7 Rb8 43. Ne5 Re8 44. b8=Q Rxb8 45. Rxb8 Kf5 46. Re8 Kg5 47. d5 Kf5 48. d6 Kf6 49. d7 Kg7 50. d8=Q {Black resigns} 1-0

[Event "FICS rated lightning game"]
[Site "FICS freechess.org"]
[FICSGamesDBGameNo "20000824"]
[White "FantasyMan"]
[Black "wanderertom"]
[WhiteElo "1718"]
[BlackElo "1790"]
[WhiteRD "na"]
[BlackRD "na"]
[TimeControl "60+0"]
[Date "1999.06.08"]
[Time "19:12:00"]
[WhiteClock "0:01:00.000"]
[BlackClock "0:01:00.000"]
[ECO "C11"]
[PlyCount "72"]
[Result "0-1"]

1. e4 d5 2. d4 dxe4 3. Nc3 Nf6 4. Bg5 e6 5. Bxf6 Qxf6 6. Nxe4 Qd8 7. Nf3 Nd7 8. Be2 Be7 9. O-O O-O 10. c3 b6 11. Bd3 Bb7 12. Qc2 Nf6 13. Nxf6+ Bxf6 14. Bxh7+ Kh8 15. Be4 Bxe4 16. Qxe4 c5 17. Rfd1 cxd4 18. Nxd4 Bxd4 19. Rxd4 Qf6 20. Rad1 g6 21. R4d3 Kg7 22. Rf3 Qe7 23. Qe5+ f6 24. Qe4 Rad8 25. Re1 Rd2 26. h3 Rxb2 27. Rfe3 Rxa2 28. Qh4 Rh8 29. Qg3 Rh5 30. Rxe6 Qd7 31. Re7+ Qxe7 32. Rxe7+ Kf8 33. Re1 Rg5 34. Qb8+ Kg7 35. Re7+ Kh6 36. Qf4 Ra1+ {White forfeits on time} 0-1

[Event "FICS rated blitz game"]
[Site "FICS freechess.org"]
[FICSGamesDBGameNo "20000823"]
[White "seans"]
[Black "Lorca"]
[WhiteElo "1501"]
[BlackElo "1520"]
[WhiteRD "na"]
[BlackRD "na"]
[TimeControl "120+12"]
[Date "1999.06.08"]
[Time "17:18:00"]
[WhiteClock "0:02:00.000"]
[BlackClock "0:02:00.000"]
[ECO "E34"]
[PlyCount "37"]
[Result "1-0"]

1. d4 Nf6 2. c4 e6 3. Nc3 Bb4 4. Qc2 d5 5. cxd5 Qxd5 6. Nf3 Ne4 7. Bd2 Nxc3 8. bxc3 Be7 9. e4 Qd8 10. Bd3 c5 11. O-O Nc6 12. Rfd1 cxd4 13. cxd4 Nxd4 14. Nxd4 Qxd4 15. Be3 Qf6 16. Bb5+ Kf8 17. Bd7 Bxd7 18. Rxd7 b6 19. Rc1 {Black forfeits on time} 1-0

[Event "FICS rated blitz game"]
[Site "FICS freechess.org"]
[FICSGamesDBGameNo "20000822"]
[White "Benkku"]
[Black "Bruixot"]
[WhiteElo "1804"]
[BlackElo "1706"]
[WhiteRD "na"]
[BlackRD "na"]
[TimeControl "180+3"]
[Date "1999.06.08"]
[Time "14:36:00"]
[WhiteClock "0:03:00.000"]
[BlackClock "0:03:00.000"]
[ECO "E97"]
[PlyCount "69"]
[Result "1-0"]

1. d4 Nf6 2. Nf3 g6 3. c4 Bg7 4. Nc3 O-O 5. e4 d6 6. Be2 e5 7. O-O Nc6 8. d5 Ne7 9. Nd2 a5 10. a3 Nd7 11. Rb1 f5 12. f3 Nf6 13. b4 axb4 14. axb4 Kh8 15. Qc2 f4 16. c5 g5 17. cxd6 cxd6 18. Nb5 Ne8 19. Bb2 Ng6 20. Ra1 Rxa1 21. Rxa1 h5 22. Kh1 g4 23. Ra8 Nf6 24. Nxd6 Qxd6 25. Rxc8 Qxb4 26. Rxf8+ Bxf8 27. Bc3 Qc5 28. Qb2 Bd6 29. Nc4 Qf2 30. Nxd6 Nh4 31. Bc4 Qe3 32. Qd2 Qc5 33. Bxe5 Kh7 34. Bxf6 Qxd6 35. Bxh4 {Black resigns} 1-0

[Event "FICS rated blitz game"]
[Site "FICS freechess.org"]
[FICSGamesDBGameNo "20000821"]
[White "frode"]
[Black "theoric"]
[WhiteElo "1745"]
[BlackElo "1927"]
[WhiteRD "na"]
[BlackRD "na"]
[TimeControl "300+0"]
[Date "1999.06.08"]
[Time "10:14:00"]
[WhiteClock "0:05:00.000"]
[BlackClock "0:05:00.000"]
[ECO "D07"]
[PlyCount "84"]
[Result "0-1"]

1. d4 d5 2. c4 Nc6 3. Nf3 e5 4. dxe5 Bb4+ 5. Bd2 dxc4 6. e4 Be6 7. Nc3 Nge7 8. a3 Ba5 9. Qc2 Ng6 10. O-O-O O-O 11. Nd5 Bxd2+ 12. Rxd2 Ncxe5 13. Nxe5 Nxe5 14. Nb6 cxb6 15. Rxd8 Rfxd8 16. Qc3 Nd3+ 17. Bxd3 cxd3 18. Kb1 Rac8 19. Qb4 d2 20. Rd1 Rc4 21. Rxd2 Rdc8 22. Qxc4 Bxc4 23. f4 f6 24. Rd7 Ba6 25. b4 Rc3 26. Kb2 Re3 27. a4 Rxe4 28. b5 Bxb5 29. axb5 Rb4+ 30. Kc3 Rxb5 31. Rxb7 a5 32. g3 Rb4 33. Ra7 h6 34. h4 Kh7 35. h5 Ra4 36. Ra6 Ra3+ 37. Kc4 Rxg3 38. Rxb6 Rg4 39. Kb5 Rxf4 40. Kxa5 Rf5+ 41. Kb4 Rxh5 42. Kc3 Re5 {White resigns} 0-1

[Event "FICS rated blitz game"]
[Site "FICS freechess.org"]
[FICSGamesDBGameNo "20000819"]
[White "Dimokles"]
[Black "Gendalf"]
[WhiteElo "1626"]
[BlackElo "1550"]
[WhiteRD "na"]
[BlackRD "na"]
[TimeControl "300+0"]
[Date "1999.06.08"]
[Time "05:27:00"]
[WhiteClock "0:05:00.000"]
[BlackClock "0:05:00.000"]
[ECO "D31"]
[PlyCount "48"]
[Result "0-1"]

1. d4 d5 2. c4 e6 3. Nc3 Bb4 4. Qc2 Nc6 5. Nf3 Nge7 6. e3 O-O 7. Bd3 Bxc3+ 8. bxc3 f5 9. a4 Na5 10. cxd5 exd5 11. Ne5 Nac6 12. Nxc6 Nxc6 13. c4 Nb4 14. Qb3 Nxd3+ 15. Qxd3 Be6 16. c5 b6 17. Ba3 Rf6 18. c6 Bf7 19. Rc1 Bg6 20. Qb3 f4 21. O-O f3 22. g3 Be4 23. Kh1 Qc8 24. Rg1 Qh3 {White resigns} 0-1